 Dungeon Crawl Stone Soup version 0.21.1-74-g47da925 (webtiles) character file.

46 Spoonbill the Conjurer (level 3, -5/20 HPs)
             Began as a Kobold Conjurer on Aug 17, 2018.
             Killed from afar by an orc wizard (7 damage)
             ... with a magic dart
             ... on level 3 of the Dungeon.
             The game lasted 00:06:48 (2287 turns).

Spoonbill the Conjurer (Kobold Conjurer)            Turns: 2287, Time: 00:06:48

Health: -5/20      AC:  2    Str:  5    XL:     3   Next: 92%
Magic:  2/7        EV: 15    Int: 17    God:
Gold:   116        SH:  0    Dex: 15    Spells: 2/8 levels left

rFire    . . .     SeeInvis +   d - +0 club
rCold    . . .     Gourm    .   (shield restricted)
rNeg     . . .     Faith    .   a - +0 robe
rPois    .         Spirit   .   (no helmet)
rElec    .         Reflect  .   (no cloak)
rCorr    .         Harm     .   (no gloves)
MR       .....                  (no boots)
Stlth    ++........             (no amulet)
HPRegen  0.06/turn              f - ring of see invisible
MPRegen  0.10/turn              (no ring)

@: very slightly contaminated, slowed, very slow
A: small, carnivore
a: no special abilities


You were on level 3 of the Dungeon.
You were completely stuffed.

You visited 1 branch of the dungeon, and saw 3 of its levels.

You collected 116 gold pieces.

Inventory:

Hand Weapons
 d - a +0 club (weapon)
Armour
 a - a +0 robe (worn)
Jewellery
 f - a ring of see invisible (left hand)
 j - an uncursed amulet of rage
Scrolls
 e - a scroll of fog
 g - a scroll of magic mapping
 i - a scroll of identify
Potions
 h - a potion of flight {unknown}
 l - a potion of lignification {unknown}
Books
 b - a book of Conjurations

   Spells                             Type                      Level
   a - Magic Dart                     Conjuration                  1
   b - Searing Ray                    Conjuration                  2
   c - Dazzling Spray                 Conjuration/Hexes            3
   d - Fulminant Prism                Conjuration/Hexes            4
   e - Force Lance                    Conjuration/Translocation    4
   f - Iskenderun's Mystic Blast      Conjuration                  4
Comestibles
 c - 2 rations


   Skills:
 * Level 0.4 Fighting
 + Level 2.6 Dodging
 + Level 3.0 Stealth
 - Level 0.2 Unarmed Combat
 * Level 3.0 Spellcasting
 + Level 4.5 Conjurations


You had 2 spell levels left.
You knew the following spells:

 Your Spells              Type           Power        Failure   Level  Hunger
a - Magic Dart            Conj           ###.         2%          1    None
b - Searing Ray           Conj           ###...       4%          2    ##.....
c - Dazzling Spray        Conj/Hex       ##....       21%         3    ###....


Dungeon Overview and Level Annotations

Branches:
Dungeon (3/15)

Altars:


Innate Abilities, Weirdness & Mutations

You are small and have problems with some larger weapons.
You are carnivorous and can eat meat at any time.


Message History

The orc wizard is heavily wounded.
The orc wizard points at you and mumbles some strange words.
The magic dart hits you!
Ouch! That really hurt!
The orc wizard completely misses you. The orc completely misses you.
As you read the scroll labeled MOSYSHR ISAISK, it crumbles to dust.
You hear whispers in an ancient language.
It was a scroll of random uselessness.
The orc wizard gestures at you while chanting.
The magic dart hits you!
* * * LOW HITPOINT WARNING * * *
The orc hits you but does no damage.
Blink to where?
Press: ? - help, Dir - move target cursor, p - orc wizard You are very lightly contaminated with residual magic.
As you read the scroll labeled ESUIFU ROIMN, it crumbles to dust.
It was a scroll of blinking.
The orc wizard gestures at you while chanting.
The magic dart hits you!
You die...

###########
#.......<.#
####.......).######
...........@......#
###...............
#...............
#...............
#####.####......
#....# ##.###
#o##..# .# #ยง#
#..# # #o# #.#


You could see an orc wizard.

Vanquished Creatures
  2 oozes (D:1)
  4 dart slugs
  An orc (D:3)
  A ball python (D:1)
  2 giant cockroaches (D:1)
  5 goblins
  2 hobgoblins (D:1)
  5 bats
  2 kobolds
  4 rats
28 creatures vanquished.

Notes
Turn   | Place    | Note
-------+----------+-------------------------------------------
     0 | D:1      | Spoonbill the Kobold Conjurer began the quest for the Orb.
     0 | D:1      | Reached XP level 1. HP: 10/10 MP: 3/3
   202 | D:1      | Reached XP level 2. HP: 6/15 MP: 0/5
   516 | D:1      | Reached XP level 3. HP: 19/19 MP: 1/7
   533 | D:1      | Learned a level 2 spell: Searing Ray
   537 | D:1      | Learned a level 3 spell: Dazzling Spray
  2287 | D:3      | Killed from afar by an orc wizard

Skill      XL: |  1  2  3 |
---------------+----------+-----
Stealth        | 3 |  3.0
Spellcasting   | 3 |  3.0
Fighting       | |  0.4
Dodging        | |  2.6
Unarmed Combat | |  0.2
Conjurations   | |  4.5

Action                   || total
-------------------------++-------
Melee: Club              ||    19
       Unarmed           ||     6
 Cast: Magic Dart        ||    43
       Searing Ray       ||    10
  Use: Scroll            ||     6
 Stab: Sleeping          ||     1
  Eat: Chunk             ||    13
Armor: Robe              ||     7
Dodge: Dodged            ||    35
